 Dungeon Crawl Stone Soup version 0.27.1-16-g815e20cd7a (webtiles) character file.

Game seed: 234661869681462875

276092 McKennaii the Sorcerer (level 21, -8/163 (222) HPs)
             Began as a Djinni Fire Elementalist on Nov 22, 2021.
             Was the Champion of Makhleb.
             Splashed by a deep elf sorcerer's acid (13 damage)
             ... on level 3 of the Elven Halls.
             The game lasted 01:34:46 (38449 turns).

McKennaii the Sorcerer (Djinni Fire Elementalist)  Turns: 38449, Time: 01:34:46

HP:   -8/163 (222)  AC: 12    Str: 17    XL:     21   Next: 22%
Gold: 3721          EV: 10    Int: 34    God:    Makhleb [******] SH:  5 Dex: 13

rFire    + + .     SeeInvis .   (weapon currently unavailable)
rCold    x . .     Faith    .   (shield currently unavailable)
rNeg     . . .     Spirit   .   (armour currently unavailable)
rPois    ∞         Reflect  +   (helmet currently unavailable)
rElec    .         Harm     .   (cloak currently unavailable)
rCorr    .         Rampage  .   (gloves currently unavailable)
Will     +++..                  (boots unavailable)
Stlth    +++.......             t - amulet of reflection
HPRegen  0.37/turn              O - +6 ring of intelligence
MPRegen  0.00/turn              y - ring of willpower

@: dragon-form, corroded, flying, very heavily drained
A: dragon claw, dragon scales, breathe fire, flying, boosted hp, sickness
immunity, giant, (fire resistance 2), (cold vulnerability 1), float, innate
caster, hp casting, extra vitality 1
}: 2/15 runes: decaying, gossamer
a: Breathe Fire, End Transformation, Renounce Religion, Minor Destruction,
Lesser Servant of Makhleb, Major Destruction, Greater Servant of Makhleb


You were on level 3 of the Elven Halls.
You worshipped Makhleb.
Makhleb was exalted by your worship.
You were a fearsome dragon!
You visited 7 branches of the dungeon, and saw 35 of its levels.
You also visited: Sewer, Gauntlet, Ice Cave and Volcano.

You collected 4498 gold pieces.
You spent 777 gold pieces at shops.

Inventory:

Missiles
 E - 4 throwing nets
Armour
 A - the +1 robe of Pathos (melded) {rCorr Int+7 Dex+4}
   (You found it on level 6 of the Dungeon)

   Int:       It affects your intelligence (+7).
   Dex:       It affects your dexterity (+4).
   rCorr:     It protects you from acid and corrosion.
 B - a +1 helmet of intelligence (melded)
 R - the +2 pair of gloves of the Known World (melded) {Regen+}
   (You found it on level 6 of the Lair of Beasts)

   Regen:     It increases your rate of health regeneration.
 X - the +5 cloak of Generosity (melded) {Rampage rC+ Slay+6}
   (You found it on level 1 of the Swamp)

   Slay:      It affects your accuracy & damage with ranged weapons and melee
   (+6).
   rC:        It protects you from cold.
   Rampage:   It bestows one free step when moving towards enemies.
 Y - the +4 kite shield of the Miller (melded) {rElec rC+ Dex+5 Stlth-}
   (You took it off Donald on level 2 of the Swamp)

   Dex:       It affects your dexterity (+5).
   rC:        It protects you from cold.
   rElec:     It insulates you from electricity.
   Stlth:     It makes you less stealthy.
Magical Staves
 a - a staff of cold
 C - a staff of fire (melded)
 M - a staff of air
 Z - a staff of earth
Jewellery
 t - an amulet of reflection (around neck)
 y - a ring of willpower (right foreclaw)
 H - a ring of resist corrosion
 O - a +6 ring of intelligence (left foreclaw)
 S - a +4 ring of protection
 U - a ring of protection from cold
 V - the ring "Jihaj" {rElec rF+ Str+6}
   (You found it in a Gauntlet)

   [ring of strength]

   Str:       It affects your strength (+6).
   rF:        It protects you from fire.
   rElec:     It insulates you from electricity.
Wands
 b - a wand of mindburst (6)
 s - a wand of iceblast (42)
 F - a wand of polymorph (38)
 I - a wand of flame (93)
 J - a wand of charming (36)
 T - a wand of digging (4)
 W - a wand of acid (8)
Scrolls
 c - 5 scrolls of magic mapping
 f - 11 scrolls of enchant armour
 h - 3 scrolls of silence
 k - 16 scrolls of identify
 l - 3 scrolls of summoning
 n - 8 scrolls of fear
 o - 4 scrolls of brand weapon
 p - 15 scrolls of teleportation
 q - 5 scrolls of acquirement
 v - 10 scrolls of fog
 x - 6 scrolls of enchant weapon
 K - 6 scrolls of immolation
 L - 3 scrolls of blinking
 P - 2 scrolls of holy word
Potions
 d - 3 potions of attraction
 e - 2 potions of berserk rage
 g - 6 potions of brilliance
 i - 15 potions of heal wounds
 j - 13 potions of curing
 m - 6 potions of lignification
 r - 4 potions of resistance
 u - 3 potions of mutation
 w - 7 potions of haste
 D - a potion of invisibility
 G - 3 potions of ambrosia
 N - 4 potions of might
 Q - 4 potions of cancellation


   Skills:
 * Level 12.3 Fighting
 + Level 0.1 Staves
 + Level 1.5 Armour
 * Level 13.3 Dodging
 + Level 5.4 Stealth
 * Level 8.7 Shields
 * Level 21.2 Spellcasting
 + Level 0.3 Evocations


You had one spell level left.
You knew the following spells:

 Your Spells              Type           Power      Damage    Failure   Level
a - Foxfire               Conj/Fire      100%       2x1d9     0%          1
b - Conjure Flame         Conj/Fire      100%       6-21      0%          3
c - Inner Flame           Hex/Fire       100%       N/A       0%          3
d - Sticky Flame          Conj/Fire      100%       2d11      0%          4
e - Fireball              Conj/Fire      55%        3d21      0%          5
f - Shock                 Conj/Air       100%       1d9       0%          1
g - Corpse Rot            Necr/Air       N/A        N/A       0%          2
h - Teleport Other        Tloc           100%       N/A       0%          3
i - Mephitic Cloud        Conj/Pois/Air  100%       N/A       0%          3
j - Hailstorm             Conj/Ice       100%       3d20      0%          4
k - Freezing Cloud        Conj/Ice/Air   55%        6-21      0%          5
l - Shadow Creatures      Summ           N/A        N/A       1%          6
m - Orb of Destruction    Conj           55%        9d16      1%          7
n - Ozocubu's Refrigerat  Ice            55%        4d16      1%          7
o - Dragon Form           Tmut           55%        N/A       1%          7
Your spell library was empty.

Dungeon Overview and Level Annotations

Branches:
Dungeon (15/15)            Temple (1/1) D:4            Lair (6/6) D:8
  Swamp (4/4) Lair:2       Spider (4/4) Lair:3        Slime (0/5) Lair:5
    Orc (2/2) D:9             Elf (3/3) Orc:2        Vaults (0/5) D:13
 Depths (0/5) D:15          Sewer (visited)           IceCv (visited)
Volcano (visited)         Gauntlet (visited)

Altars:
Ashenzari
Cheibriados
Fedhas
Gozag
Kikubaaqudgha
Makhleb
Nemelex Xobeh
Okawaru
Qazlal
Ru
Uskayaw
Vehumet
Wu Jian
Yredelemnul
Beogh

Shops:
D:2 [   D:3 *   D:9 =   D:15 [[=*   Orc:2 :=?[*   Elf:1 (   Elf:2 :

Annotations:
Elf:2 3 runed translucent doors


Innate Abilities, Weirdness & Mutations

You are a fearsome dragon!
You have a powerful clawing attack.
Your giant scaled body is strong and resiliant, but less evasive.
You can breathe fire.
You are flying.
Your maximum health is greatly increased.
Your armour is entirely melded.
You are incapable of wielding weapons or throwing items.
You are immune to sickness and miasma.
You are immune to poison.
((Your flesh is very heat resistant. (rF++)))
((You are vulnerable to cold. (rC-)))
You float through the air rather than walking.
You learn spells naturally, not from books.
Your magical power is your life essence.
You have superior vitality. (+4 HP)


Message History

The deep elf archer shoots an arrow.
The arrow completely misses you.
The deep elf death mage gestures at you while chanting.
The bolt of negative energy hits you!!
You feel drained.
You maul the deep elf death mage!!!
Your bite misses the deep elf death mage.
The deep elf death mage is severely wounded.
You hear a shout! x2
The deep elf death mage beckons forth a restless soul!
A deep elf blademaster comes into view. It is wielding two +0 short swords.
The deep elf archer is empowered by the deep elf high priest's aura!
Unknown command.
You closely miss the deep elf death mage.
The deep elf death mage is severely wounded.
The deep elf archer shoots an arrow.
The arrow hits you!
The deep elf death mage gestures at you while chanting.
The bolt of negative energy hits you!!!
You feel drained.
Unknown command.
The deep elf archer unwields a +0 longbow.
The deep elf archer wields a +0 dagger.
You block the deep elf archer's attack.
The deep elf archer unwields a +0 dagger.
The deep elf archer wields a +0 longbow.
The deep elf archer shoots an arrow.
The arrow hits you!
The deep elf death mage casts a spell at you.
The bolt of negative energy misses you.
The deep elf death mage points at you and mumbles some strange words.
The bolt of negative energy hits you!!
You feel drained.
* * * LOW HITPOINT WARNING * * *
You feel much better.
The deep elf sorcerer seems less brilliant.
The deep elf death mage gestures at you while chanting.
The bolt of negative energy hits you!!
You feel drained.
* * * LOW HITPOINT WARNING * * *
Blink to where?
Press: ? - help, Dir - move target
As you read the scroll of blinking, it crumbles to dust.
The deep elf sorcerer gestures at you while chanting.
The bolt of acid hits you!!
* * * LOW HITPOINT WARNING * * *
The acid corrodes you!
You are splashed with acid!
You die...

#....## ##.....##
#.....###.......##
#......#.........#
#.(......^.......#
#......#e........#
#.....###..)....#
#....## ##.....###
#...## #.......# ##..##
#.#D###.# # ##e..##
#.#.# #.# .# #.....##
#.#.###.# ..#
#.e....###.#.....#
..e##ee.....##.#.###.##
e*e)e.......+...## ##.#
).e##..#######.. #.#
.)# #..# #..# ##.# .#
#..# #.###.##


You could see a deep elf sorcerer (fast).

Vanquished Creatures
  the Lernaean hydra (Swamp:4)
  Jorgrun (D:13)
  An Ice Fiend (IceCv)
  A thorn hunter (Swamp:1)
  Frances (Swamp:2)
  Kirke (D:13)
  Donald (Swamp:2)
  2 fenstrider witches
  Roxanne (Elf:1)
  The ghost of njkz123 the Stormcaller, an adept DsAE of Sif Muna (Lair:2)
  10 emperor scorpions
  4 ghost moths
  The ghost of Walther the Severer, a journeyman MiBe of Trog (Orc:1)
  Louise (Swamp:2)
  2 ghouls (Swamp:4)
  2 orc warlords (Orc:2)
  A deep elf demonologist (Elf:3)
  A deep elf annihilator (Elf:3)
  4 bunyips
  5 entropy weavers
  A minotaur (Gauntlet)
  A merfolk javelineer (Orc:1)
  Snorg (D:10)
  3 eleionomae
  A fire dragon (D:15)
  Fannar (Orc:1)
  2 shambling mangroves (Swamp:4)
  25 hydras
  Harold (D:7)
  A naga warrior (Orc:1)
  Erolcha (D:13)
  2 ogre magi (Orc:2)
  An ice dragon (Lair:6)
  3 boulder beetles
  3 catoblepae
  A death knight (D:15)
  A ghost crab (Swamp:2)
  2 caustic shrike simulacra (IceCv)
  4 two-headed ogres
  3 centaur warriors (Orc:1)
  7 dancing weapons
  8 alligators
  An orc high priest (Orc:2)
  2 tengu warriors
  5 death yaks (Lair:4)
  Nergalle (Orc:2)
  Urug (Orc:1)
  A hell knight (Volcano)
  10 spriggans
  6 deep elf knights
  4 spriggan druids
  An obsidian statue (IceCv)
  4 goliath frogs
  11 swamp dragons
  3 bog bodies
  A harpy (shapeshifter) (D:14)
  11 deep elf archers
  Pikel (D:7)
  17 deep elf zephyrmancers
  17 orb spiders
  4 orc knights
  18 deep elf pyromancers
  31 wolf spiders
  6 cyclopes
  2 lindwurms (Lair:6)
  9 ugly things
  5 moths of wrath
  8 orc sorcerers (Orc:2)
  2 will-o-the-wisps
  3 manticores
  10 elephants
  7 black mambas
  A smoke demon (Volcano)
  A gargoyle (D:11)
  12 torpor snails
  Psyche (D:9)
  14 cane toads
  4 kobold demonologists
  Maggie (D:7)
  A rime drake (Lair:4)
  2 freezing wraiths (IceCv)
  An efreet (D:14)
  16 demonic crawlers
  10 komodo dragons
  6 trolls
  3 tengu conjurers
  6 entropy weaver simulacra (IceCv)
  An anaconda simulacrum (IceCv)
  3 polar bears
  8 ice devils (IceCv)
  29 jumping spiders
  3 red devils (Volcano)
  7 tyrant leeches
  14 slime creatures
  27 hornets
  5 dream sheep (Lair:6)
  9 blink frogs
  An air elemental (Elf:3)
  3 water elementals
  Sigmund (D:3)
  56 redbacks
  33 tarantellas
  24 yaks
  Grum (D:11)
  A ynoxinul (Gauntlet)
  7 fire bats (Volcano)
  2 vampires
  2 dire elephant simulacra (IceCv)
  5 hogs (D:13)
  10 wyverns
  8 spriggan simulacra (IceCv)
  6 basilisks
  2 steam dragons
  7 minotaur simulacra (IceCv)
  2 vampire mosquitoes (Swamp:1)
  4 wargs
  2 harpy simulacra
  20 swamp worms
  20 water moccasins
  4 acid dragons
  2 hell hounds (Lair:4)
  18 orc warriors
  3 alligator simulacra (IceCv)
  2 black bears
  An ice beast (D:6)
  Purgy (Sewer)
  2 ettin simulacra (IceCv)
  8 swamp drakes
  A necrophage (Swamp:4)
  3 wolves (D:11)
  3 boggarts (D:15)
  4 centaurs
  7 ogres
  2 phantoms
  4 lemures (D:7)
  A kobold brigand (D:11)
  7 bullfrogs
  A gnoll sergeant (D:9)
  A scorpion (D:6)
  An earth elemental (Elf:2)
  3 deep troll simulacra (IceCv)
  A water moccasin zombie (D:7)
  A water moccasin skeleton (D:5)
  10 killer bees
  9 wights
  2 howler monkeys (D:14)
  3 electric eels
  2 bullfrog zombies (D:6)
  6 lava snakes (Volcano)
  3 centaur zombies
  2 centaur skeletons
  2 hounds
  4 jellies
  14 orc priests
  Crazy Yiuf (D:7)
  2 gnoll shamans (D:8)
  5 iron imps (Gauntlet)
  Jessica (D:2)
  32 orc wizards
  6 iguanas
  Ijyb (D:4)
  7 hell rats (Lair:2)
  A howler monkey zombie (D:11)
  8 adders
  19 gnolls
  2 shadow imps
  2 white imps
  A worm (D:3)
  An adder skeleton (D:4)
  45 orcs
  6 bats
  11 endoplasms
  5 giant cockroaches
  3 goblins
  10 hobgoblins
  2 quokkas
  10 ball pythons
  9 frilled lizards
  18 kobolds
  A quokka skeleton (D:4)
  4 rats
  10 briar patches (Swamp:1)
1080 creatures vanquished.

Vanquished Creatures (collateral kills)
  A fire dragon (D:15)
  5 dancing weapons
  2 rust devils (Gauntlet)
  2 elephants (Gauntlet)
  A demonic crawler (Spider:4)
  A hornet (Swamp:4)
  2 redbacks (Spider:4)
  A ynoxinul (Gauntlet)
  A spriggan (Swamp:4)
  A basilisk (Lair:4)
  An earth elemental (Elf:1)
  An iron imp (Gauntlet)
  A foxfire (D:6)
20 creatures vanquished.

Vanquished Creatures (others)
  2 humans (D:13)
  2 briar patches (Swamp:1)
  733 foxfires
  36 fungi
  58 plants
831 creatures vanquished.

Grand Total: 1931 creatures vanquished

Notes
Turn   | Place    | Note
-------+----------+-------------------------------------------
     0 | D:1      | McKennaii the Djinni Fire Elementalist began the quest for
                  | the Orb.
     0 | D:1      | Reached XP level 1. HP: 15/15 MP: 0/0
   430 | D:1      | Reached XP level 2. HP: 18/21 MP: 0/0
   740 | D:1      | Found a faded altar of an unknown god.
  1050 | D:1      | Reached skill level 3 in Spellcasting
  1051 | D:1      | Reached XP level 3. HP: 20/25 MP: 0/0
  1051 | D:1      | Learned a level 1 spell: Shock
  1807 | D:2      | Found Niloq's Armour Shop.
  1980 | D:2      | Reached XP level 4. HP: 16/31 MP: 0/0
  2330 | D:2      | Noticed Jessica
  2338 | D:2      | Killed Jessica
  2339 | D:2      | Reached skill level 1 in Fighting
  2339 | D:2      | Reached skill level 1 in Shields
  2740 | D:3      | Reached XP level 5. HP: 34/37 MP: 0/0
  2740 | D:3      | Learned a level 2 spell: Corpse Rot
  3150 | D:3      | Found Xeonid Weha's General Store.
  3168 | D:3      | Bought a potion of curing for 36 gold pieces
  3168 | D:3      | Bought a scroll of teleportation for 36 gold pieces
  3170 | D:3      | Noticed Sigmund
  3181 | D:3      | Killed Sigmund
  3182 | D:3      | Reached skill level 4 in Spellcasting
  3182 | D:3      | Reached XP level 6. HP: 30/42 MP: 0/0
  4251 | D:4      | Noticed Ijyb
  4259 | D:4      | Killed Ijyb
  4260 | D:4      | Reached XP level 7. HP: 39/48 MP: 0/0
  4260 | D:4      | Learned a level 3 spell: Teleport Other
  4564 | D:4      | Found a staircase to the Ecumenical Temple.
  4575 | D:4      | Reached skill level 5 in Spellcasting
  4583 | Temple   | Entered the Ecumenical Temple
  4640 | Temple   | Became a worshipper of Makhleb the Destroyer
  5300 | D:5      | Entered Level 5 of the Dungeon
  5444 | D:5      | Found a stormy altar of Qazlal.
  5512 | D:5      | Found a glowing drain.
  5563 | D:5      | Reached XP level 8. HP: 54/55 MP: 0/0
  5588 | Sewer    | Entered a sewer
  5734 | Sewer    | Noticed Purgy
  5742 | Sewer    | Killed Purgy
  5790 | Sewer    | Reached skill level 6 in Spellcasting
  6795 | D:6      | Reached * piety under Makhleb
  6863 | D:6      | Reached XP level 9. HP: 61/61 MP: 0/0
  6863 | D:6      | Learned a level 3 spell: Mephitic Cloud
  6872 | D:6      | Reached skill level 7 in Spellcasting
  7121 | D:6      | Reached skill level 1 in Armour
  7175 | D:6      | Identified the +1 robe of Pathos {rCorr Int+7 Dex+4}
  7431 | D:7      | Noticed a kobold demonologist
  7437 | D:7      | Noticed a kobold demonologist
  7468 | D:7      | Killed a kobold demonologist
  7473 | D:7      | Killed a kobold demonologist
  7476 | D:7      | Noticed a kobold demonologist
  7479 | D:7      | Killed a kobold demonologist
  7480 | D:7      | Reached skill level 5 in Dodging
  7480 | D:7      | Reached skill level 8 in Spellcasting
  7480 | D:7      | Reached XP level 10. HP: 34/68 MP: 0/0
  7723 | D:7      | Reached ** piety under Makhleb
  7878 | D:7      | Noticed Harold
  8101 | D:7      | Noticed Pikel
  8106 | D:7      | Killed Pikel
  8107 | D:7      | Reached skill level 5 in Shields
  8419 | D:7      | Found a runed translucent door.
  8420 | D:7      | Noticed Crazy Yiuf
  8445 | D:7      | Noticed Maggie
  8454 | D:7      | Killed Maggie
  9123 | D:7      | Killed Crazy Yiuf
  9224 | D:7      | Killed Harold
  9225 | D:7      | Reached skill level 9 in Spellcasting
  9698 | D:8      | Reached skill level 5 in Fighting
 10211 | D:8      | Reached XP level 11. HP: 65/75 MP: 0/0
 10211 | D:8      | Learned a level 4 spell: Hailstorm
 10610 | D:8      | Noticed a purple ugly thing
 10615 | D:8      | Killed a purple ugly thing
 10696 | D:8      | Reached skill level 10 in Spellcasting
 10809 | D:8      | Found a staircase to the Lair.
 11142 | D:9      | Noticed Psyche
 11147 | D:9      | Killed Psyche
 11584 | D:9      | Found a staircase to the Orcish Mines.
 11611 | D:9      | Reached *** piety under Makhleb
 11659 | D:9      | Found Isauniu's Jewellery Boutique.
 11862 | D:10     | Entered Level 10 of the Dungeon
 11862 | D:10     | Noticed Snorg
 11871 | D:10     | Killed Snorg
 12076 | D:10     | Reached skill level 11 in Spellcasting
 12265 | D:10     | Reached XP level 12. HP: 66/83 MP: 0/0
 13097 | D:10     | Identified a scroll of acquirement
 13097 | D:10     | Acquired a staff of cold
 13162 | D:11     | Noticed Grum
 13164 | D:11     | Killed Grum
 13422 | D:11     | Noticed a six-headed hydra
 13442 | D:11     | Killed a six-headed hydra
 13585 | D:11     | Noticed a two-headed ogre
 13591 | D:11     | Killed a two-headed ogre
 13617 | D:11     | Reached **** piety under Makhleb
 13866 | D:11     | Noticed a catoblepas
 13871 | D:11     | Killed a catoblepas
 13872 | D:11     | Reached skill level 12 in Spellcasting
 14571 | D:12     | Noticed a two-headed ogre
 14573 | D:12     | Killed a two-headed ogre
 14634 | D:12     | Noticed a two-headed ogre
 14636 | D:12     | Killed a two-headed ogre
 14812 | D:12     | Reached XP level 13. HP: 86/89 MP: 0/0
 14812 | D:12     | Learned a level 5 spell: Freezing Cloud
 15373 | D:13     | Noticed a six-headed hydra
 15377 | D:13     | Killed a six-headed hydra
 15492 | D:13     | Noticed Kirke
 15496 | D:13     | Reached skill level 13 in Spellcasting
 15499 | D:13     | Killed Kirke
 15507 | D:13     | Noticed Jorgrun
 15619 | Lair:1   | Entered Level 1 of the Lair of Beasts
 15876 | Lair:1   | Identified the +0 robe of the Leaf {rN+ Stlth+}
 15897 | Lair:1   | Noticed a four-headed hydra
 15900 | Lair:1   | Killed a four-headed hydra
 16466 | Lair:1   | Found a snail-covered altar of Cheibriados.
 16981 | Lair:2   | Found a runed translucent gate.
 16981 | Lair:2   | Found a runed translucent gate.
 16981 | Lair:2   | Found a runed translucent gate.
 16987 | Lair:2   | Noticed a 13-headed hydra
 16988 | Lair:2   | Noticed njkz123's ghost (adept DsAE)
 16988 | Lair:2   | Noticed an 11-headed hydra
 16995 | Lair:2   | Killed a 13-headed hydra
 17016 | Lair:2   | Killed njkz123's ghost
 17017 | Lair:2   | Reached skill level 14 in Spellcasting
 17533 | Lair:2   | Killed an 11-headed hydra
 17534 | Lair:2   | Reached XP level 14. HP: 90/97 MP: 0/0
 17748 | Lair:2   | Found a staircase to the Swamp.
 17749 | Lair:2   | Reached ***** piety under Makhleb
 18830 | Lair:3   | Found an ornate altar of the Wu Jian Council.
 18832 | Lair:3   | Found a hide-covered altar of Uskayaw.
 18971 | Lair:3   | Found a hole to the Spider Nest.
 19810 | Lair:4   | Reached skill level 15 in Spellcasting
 20152 | Lair:4   | Found a dark tunnel.
 20176 | Volcano  | Entered a volcano
 20774 | Volcano  | Found a burning altar of Makhleb.
 21139 | Lair:4   | Reached XP level 15. HP: 79/104 MP: 0/0
 21139 | Lair:4   | Learned a level 6 spell: Shadow Creatures
 21992 | Lair:5   | Found a staircase to the Slime Pits.
 22647 | Lair:6   | Entered Level 6 of the Lair of Beasts
 23101 | Lair:6   | Reached skill level 16 in Spellcasting
 23285 | Lair:6   | Identified the +1 robe of Syndicalism {Rampage Drain rN+++
                  | Stlth-}
 23360 | Lair:6   | Found a runed translucent door.
 23595 | Lair:6   | Reached skill level 10 in Dodging
 23671 | Lair:6   | Reached ****** piety under Makhleb
 24309 | Lair:6   | Identified the +2 pair of gloves of the Known World
                  | {Regen+}
 25131 | Orc:1    | Entered Level 1 of the Orcish Mines
 25150 | Orc:1    | Noticed Urug
 25153 | Orc:1    | Killed Urug
 25162 | Orc:1    | Noticed Fannar
 25164 | Orc:1    | Killed Fannar
 25190 | Orc:1    | Found a runed translucent gate.
 25211 | Orc:1    | Found a runed translucent gate.
 25211 | Orc:1    | Found a runed translucent gate.
 25219 | Orc:1    | Noticed a stone giant
 25222 | Orc:1    | Found an iron altar of Okawaru.
 25222 | Orc:1    | Noticed Walther's ghost (journeyman MiBe)
 25479 | Orc:2    | Entered Level 2 of the Orcish Mines
 25585 | Orc:2    | Found a staircase to the Elven Halls.
 25586 | Orc:2    | Found Gerch's General Store.
 25595 | Orc:2    | Bought a scroll of fear for 42 gold pieces
 25595 | Orc:2    | Bought a potion of haste for 120 gold pieces
 25595 | Orc:2    | Bought a scroll of teleportation for 36 gold pieces
 25763 | Orc:2    | Noticed an orc warlord
 25770 | Orc:2    | Killed an orc warlord
 25784 | Orc:2    | Noticed an orc warlord
 25789 | Orc:2    | Killed an orc warlord
 25982 | Orc:2    | Identified the +7 scimitar of Xamanuhait {chaos, Fly Will-
                  | rCorr Stlth+}
 26112 | Orc:2    | Reached XP level 16. HP: 112/112 MP: 0/0
 26113 | Orc:2    | Found Emoetos's Antique Armour Boutique.
 26186 | Orc:2    | Found Deecerew's Jewellery Boutique.
 26230 | Orc:2    | Noticed Nergalle
 26234 | Orc:2    | Killed Nergalle
 26248 | Orc:2    | Found Sanaj's Book Boutique.
 26255 | Orc:2    | Found Yhaloax's Magic Scroll Shop.
 26266 | Orc:2    | Bought a scroll of identify for 22 gold pieces
 26266 | Orc:2    | Bought a scroll of magic mapping for 38 gold pieces
 26266 | Orc:2    | Bought a scroll of identify for 22 gold pieces
 26266 | Orc:2    | Bought a scroll of identify for 22 gold pieces
 26266 | Orc:2    | Bought a scroll of identify for 22 gold pieces
 26266 | Orc:2    | Bought a scroll of teleportation for 33 gold pieces
 26266 | Orc:2    | Bought a scroll of teleportation for 33 gold pieces
 26266 | Orc:2    | Bought a scroll of teleportation for 33 gold pieces
 26266 | Orc:2    | Bought a scroll of enchant armour for 82 gold pieces
 26266 | Orc:2    | Bought a scroll of enchant weapon for 82 gold pieces
 26266 | Orc:2    | Bought a scroll of fog for 22 gold pieces
 26798 | Orc:1    | Reached skill level 17 in Spellcasting
 26798 | Orc:1    | Killed Walther's ghost
 26935 | D:12     | Reached skill level 10 in Fighting
 26935 | D:12     | Reached XP level 17. HP: 119/119 MP: 0/0
 26935 | D:12     | Learned a level 7 spell: Orb of Destruction
 27000 | D:13     | Killed Jorgrun
 27125 | D:13     | Found a gate to the Vaults.
 27139 | D:13     | Noticed Erolcha
 27145 | D:13     | Killed Erolcha
 27484 | D:14     | Reached skill level 5 in Stealth
 27862 | D:14     | Found a blossoming altar of Fedhas.
 27892 | D:14     | Found a gate leading to a gauntlet.
 27901 | Gauntlet | Entered a Gauntlet
 27901 | Gauntlet | Found a transporter.
 27901 | Gauntlet | Found a transporter.
 27902 | Gauntlet | Found a transporter.
 27905 | Gauntlet | Found a transporter.
 27920 | Gauntlet | Found a transporter.
 27923 | Gauntlet | Found a transporter.
 27928 | Gauntlet | Found a transporter.
 27955 | Gauntlet | Found a transporter.
 27979 | Gauntlet | Found a transporter.
 28007 | Gauntlet | Found a transporter.
 28063 | Gauntlet | Found a transporter.
 28079 | Gauntlet | Found a transporter.
 28162 | Gauntlet | Identified the +1 helmet "Emetsud" {+Blink rC+++ rCorr
                  | Str-5}
 28252 | Gauntlet | Identified the ring "Jihaj" {rElec rF+ Str+6}
 28278 | Gauntlet | Identified the +5 hand axe of the Ship {vorpal, Dex+6}
 28480 | D:15     | Entered Level 15 of the Dungeon
 28655 | D:15     | Found Hyniz's Jewellery Shoppe.
 28691 | D:15     | Found Avoadich's General Store.
 28700 | D:15     | Bought a scroll of identify for 32 gold pieces
 28700 | D:15     | Bought a potion of brilliance for 64 gold pieces
 28757 | D:15     | Found Diaz's Armour Shop.
 29044 | D:15     | Found a staircase to the Depths.
 29084 | D:15     | Found a hide-covered altar of Uskayaw.
 29129 | D:15     | Found Wutrigh's Antique Armour Shop.
 29514 | Swamp:1  | Entered Level 1 of the Swamp
 29518 | Swamp:1  | Reached skill level 18 in Spellcasting
 29531 | Swamp:1  | Reached XP level 18. HP: 112/126 MP: 0/0
 29580 | Swamp:1  | Found a transporter.
 29593 | Swamp:1  | Found a transporter.
 30238 | Swamp:1  | Identified the amulet "Faclaguc" {Spirit Harm rN+}
 30243 | Swamp:1  | Identified the +5 cloak of Generosity {Rampage rC+ Slay+6}
 30278 | Swamp:2  | Identified the +4 kite shield of the Miller {rElec rC+
                  | Dex+5 Stlth-}
 30278 | Swamp:2  | Noticed Donald
 30308 | Swamp:2  | Killed Donald
 30398 | Swamp:2  | Noticed Louise
 30402 | Swamp:2  | Killed Louise
 30464 | Swamp:2  | Noticed Frances
 30469 | Swamp:2  | Killed Frances
 31267 | Swamp:4  | Entered Level 4 of the Swamp
 31370 | Swamp:4  | Reached skill level 19 in Spellcasting
 31616 | Swamp:4  | Reached XP level 19. HP: 119/132 MP: 0/0
 31616 | Swamp:4  | Learned a level 7 spell: Ozocubu's Refrigeration
 31620 | Swamp:4  | Noticed the 27-headed Lernaean hydra
 31627 | Swamp:4  | Killed the 27-headed Lernaean hydra
 31722 | Swamp:4  | Got a decaying rune of Zot
 32042 | Spider:1 | Entered Level 1 of the Spider Nest
 33212 | Spider:2 | Found a frozen archway.
 33279 | IceCv    | Entered an ice cave
 33610 | IceCv    | Noticed an Ice Fiend
 33724 | IceCv    | Killed an Ice Fiend
 33725 | IceCv    | Reached skill level 20 in Spellcasting
 34298 | Spider:3 | Reached XP level 20. HP: 129/140 MP: 0/0
 35172 | Spider:4 | Entered Level 4 of the Spider Nest
 35696 | Spider:4 | Got a gossamer rune of Zot
 36201 | Elf:1    | Entered Level 1 of the Elven Halls
 36300 | Elf:1    | Identified Roxanne's Collected Works on Changing
 36300 | Elf:1    | Noticed Roxanne
 36307 | Elf:1    | Killed Roxanne
 36798 | Elf:1    | Found Uttoef's Antique Weapon Shop.
 37203 | Elf:1    | Reached skill level 21 in Spellcasting
 37563 | Elf:2    | Found Kuoleo's Book Boutique.
 37647 | Elf:2    | Reached XP level 21. HP: 144/147 MP: 0/0
 37647 | Elf:2    | Learned a level 7 spell: Dragon Form
 38146 | Elf:2    | Found a runed translucent gate.
 38146 | Elf:2    | Found a runed translucent gate.
 38147 | Elf:2    | Found a runed translucent gate.
 38321 | Elf:3    | Entered Level 3 of the Elven Halls
 38449 | Elf:3    | HP: 5/163 [deep elf sorcerer/bolt of acid (25)]
 38449 | Elf:3    | Splashed by a deep elf sorcerer's acid

Illustrated notes

Levels and vault maps discovered:
D:1:      heliophobic_arrival_ceremonial_halls, layout_loops_cross,
          ebering_ecumenical_altar_hall, dk_noncrumbling_4
D:2:      layout_rooms, serial_shops, shop, uniq_jessica
D:3:      layout_loops_corners, serial_shops, shop, kennysheep_nub,
          grunt_ministairs_15, minmay_shallow_snake_nest, uniq_sigmund
D:4:      layout_loops_ring, minmay_temple_entry_junction, uniq_ijyb
D:5:      lemuel_ice_spiral_2, layout_basic, mainiacjoe_overflow_tiny_flanked,
          gup_sewer_entry_glass, hex_tiny
D:6:      layout_basic, kennysheep_small_circle
D:7:      layout_gridville, minmay_misc_feat_plants, kennysheep_generic_room_13,
          uniq_harold, uniq_crazy_yiuf_cottage, uniq_maggie, uniq_pikel
D:8:      layout_layer_cave, david_lair_generic, minmay_manual_maat
D:9:      layout_roguey, serial_shops, nicolae_square_shop, solitary_fountain,
          uniq_psyche
D:10:     layout_small_grid, minmay_variable_closet, uniq_snorg
D:11:     layout_roguey, minmay_misc_feat_iff, uniq_grum
D:12:     layout_roguey
D:13:     layout_cave_pools, erik_vaults_1, uniq_jorgrun, uniq_erolcha,
          uniq_kirke
D:14:     layout_big_octagon, gauntlet_entry_generic, fedhas_altar_3,
          minmay_misc_feat_ornament, billiards_dpeg
D:15:     grunt_enter_depths_hoard, layout_rooms, chequers_arboretum,
          serial_shops, nicolae_shop_stone, shop, nicolae_inconvenience_store,
          nicolae_shop_crystal, minivault_25_ag, minmay_misc_feat_diagonals,
          nicolae_uskayaw_en_pointe
Temple:   nicolae_temple_the_god_donut
Lair:1:   layout_loops_ring, kennysheep_snail_temple, lemuel_fruit_tree,
          grunt_megastairs_4
Lair:2:   layout_cave_pods, swamp_mist_pool, gammafunk_ghost_hydra_chop
Lair:3:   layout_layer_cave, nicolae_spider_entry_orb_guardian,
          nzn_masters_of_martial_movement, grunt_megastairs_5,
          infiniplex_staircase_pool
Lair:4:   layout_regular_city, enter_volcano_3, grunt_megastairs_2,
          serial_bayou_shore_a
Lair:5:   layout_hall_layers, minmay_slime_entry_pillars
Lair:6:   wormcave, layout_concentric_octagons
Swamp:1:  gammafunk_worm_tunnel, layout_basic_swamp, nicolae_swamp_treefoil,
          swamp_pool4, nicolae_swamp_oxbows
Swamp:2:  layout_basic_swamp, nicolae_swamp_dense_foliage, uniq_donald,
          uniq_frances, uniq_louise
Swamp:3:  layout_basic_swamp, evilmike_swamp_ruin_house_4, swamp_pool1,
          nicolae_swamp_triple_paths
Swamp:4:  swamp_old_school, layout_basic_swamp, swamp_pool4
Spider:1: layout_chambers, drop_trap
Spider:2: layout_spider_delve, portal_ice_cave_entry_pillars_1
Spider:3: nicolae_spider_hilbert_zone_4 [nicolae_spider_hilbert_4_sides_2_open,
          nicolae_spider_hilbert_4_sides_1_open,
          nicolae_spider_hilbert_4_sides_1_open,
          nicolae_spider_hilbert_4_sides_1_open,
          nicolae_spider_hilbert_4_sides_1_open,
          nicolae_spider_hilbert_2_sides_1_open,
          nicolae_spider_hilbert_2_sides_1_open,
          nicolae_spider_hilbert_2_sides_1_open,
          nicolae_spider_hilbert_2_sides_1_open,
          nicolae_spider_hilbert_6_sides_1_open,
          nicolae_spider_hilbert_6_sides_1_open,
          nicolae_spider_hilbert_3_sides_1_open,
          nicolae_spider_hilbert_3_sides_1_open]
Spider:4: guppyfry_spider_rune
Orc:1:    layout_diamond_mine, basic_altar, gammafunk_ghost_fury_of_okawaru,
          uniq_urug, uniq_fannar
Orc:2:    kennysheep_orc_mage_school, layout_caves, serial_shops, shop,
          minmay_orc_treasury
Elf:1:    elf_arrival_001, layout_onion_city, serial_shops, shop,
          hangedman_corner_corridor, lemuel_flamethrower_2, uniq_roxanne
Elf:2:    elven_hall_of_blades_hangedman_original
          [nicolae_blade_entry_diamond_columns], layout_geoelf_octagon,
          serial_shops, shop
Elf:3:    grunt_elf_hall_diamonds, layout_loops_corners,
          nicolae_elf_glass_and_crystal_pillar_1, chequers_big_river, uniq_aizul

Skill      XL: |  1  2  3  4  5  6  7  8  9 10 11 12 13 14 15 16 17 18 19 20 |
---------------+-------------------------------------------------------------+-----
Spellcasting   | 3 4 5 6 8 9 11 12 14 15 16 17 18 19 20 21 | 21.2
Fighting       | 1 2 3 4 5 6 7 8 9 10 11 12 | 12.3
Shields        | 1 2 4 5 6 7 8 |  8.7
Dodging        | 3 4 5 6 7 8 9 10 11 12 13 | 13.3
Stealth        | 2 3 4 5 |  5.4
Armour         | 1 |  1.5
Staves         | |  0.1
Evocations     | |  0.3

Action                   |  1- 3 |  4- 6 |  7- 9 | 10-12 | 13-15 | 16-18 | 19-21 || total
-------------------------+-------+-------+-------+-------+-------+-------+-------++-------
Melee: Unarmed           |     2 |       |       |       |       |       |    17 ||    19
       Staff             |       |       |       |       |     9 |     1 |    10 ||    20
       Tailslap          |       |       |       |       |       |       |     2 ||     2
 Cast: Foxfire           |    86 |   126 |   201 |    32 |       |       |       ||   445
       Shock             |     4 |    10 |    35 |     1 |    39 |       |       ||    89
       Fireball          |       |       |     6 |   164 |   346 |   274 |   387 ||  1177
       Sticky Flame      |       |       |       |    25 |    37 |    19 |    43 ||   124
       Mephitic Cloud    |       |       |       |     3 |       |       |       ||     3
       Hailstorm         |       |       |       |     2 |    11 |    10 |       ||    23
       Teleport Other    |       |       |       |     1 |     2 |       |       ||     3
       Freezing Cloud    |       |       |       |       |    11 |    13 |     1 ||    25
       Shadow Creatures  |       |       |       |       |     9 |    19 |    24 ||    52
       Orb of Destructio |       |       |       |       |       |     6 |     7 ||    13
       Ozocubu's Refrige |       |       |       |       |       |       |    31 ||    31
       Dragon Form       |       |       |       |       |       |       |     2 ||     2
Evoke: Wand              |       |       |       |       |     3 |       |       ||     3
  Use: Scroll            |       |       |     7 |     8 |     5 |     7 |     4 ||    31
       Potion            |       |       |       |       |     1 |     1 |     1 ||     3
 Stab: Sleeping          |       |       |       |       |       |       |     2 ||     2
Armor: Robe              |     2 |       |     6 |     5 |    11 |    12 |    49 ||    85
       Troll leather arm |       |       |    13 |       |       |       |       ||    13
Dodge: Dodged            |    11 |     5 |    30 |    19 |    58 |    36 |   112 ||   271
Block: Buckler           |     8 |       |    50 |    37 |    58 |    37 |       ||   190
       Reflection        |       |       |     3 |     6 |     5 |     5 |     8 ||    27
       Kite shield       |       |       |       |       |       |     7 |   158 ||   165
       Other             |       |       |       |       |       |       |     4 ||     4
